 Dungeon Crawl Stone Soup version 0.24.0-123-gd5b16e6ec5 (webtiles) character file.

Game seed: 3095832364827026186, levelgen mode: deterministic

62 H0rd4k the Charlatan (level 4, -2/32 HPs)
             Began as a Human Artificer on Jan 28, 2020.
             Slain by an orc
             ... wielding a +0 falchion
              (8 damage)
             ... on level 3 of the Dungeon.
             The game lasted 00:01:30 (1923 turns).

H0rd4k the Charlatan (Human Artificer)              Turns: 1923, Time: 00:01:30

Health: -2/32      AC:  3    Str: 13    XL:     4   Next: 28%
Magic:  6/6        EV: 12    Int: 11    God:
Gold:   95         SH:  0    Dex: 14    Spells: 3/3 levels left

rFire    . . .     SeeInvis .   a - +0 short sword
rCold    . . .     Gourm    .   (no shield)
rNeg     . . .     Faith    .   b - +0 leather armour
rPois    +         Spirit   .   (no helmet)
rElec    .         Reflect  .   (no cloak)
rCorr    .         Harm     .   (no gloves)
MR       .....                  (no boots)
Stlth    +.........             (no amulet)
HPRegen  0.10/turn              m - ring of poison resistance
MPRegen  0.10/turn              (no ring)

@: no status effects
A: no striking features
a: no special abilities


You were on level 3 of the Dungeon.
You were not hungry.

You visited 1 branch of the dungeon, and saw 3 of its levels.

You collected 95 gold pieces.

Inventory:

Hand Weapons
 a - a +0 short sword (weapon)
Armour
 b - a +0 leather armour (worn)
Jewellery
 m - a ring of poison resistance (left hand)
Wands
 c - a wand of flame (8)
 d - a wand of enslavement (15)
 e - a wand of random effects (15)
Scrolls
 g - a scroll of teleportation {unknown}
 h - a scroll of enchant armour {unknown}
 i - 3 scrolls of identify {unknown}
 j - a scroll of amnesia {unknown}
 l - a scroll of magic mapping {unknown}
Potions
 k - 2 potions of flight
 o - a potion of ambrosia {unknown}
Comestibles
 f - 3 rations


   Skills:
 + Level 1.3 Fighting
 + Level 1.6 Short Blades
 + Level 1.8 Armour
 + Level 2.5 Dodging
 + Level 1.1 Stealth
 + Level 3.5 Evocations


You had 3 spell levels left.
You didn't know any spells.
Your spell library was empty.

Dungeon Overview and Level Annotations

Branches:
Dungeon (3/15)

Altars:


Message History

An orc comes into view. It is wielding a +0 short sword.
Found a ration.
A frilled lizard and 2 orcs come into view.
The orc priest shouts!
The orc shouts! x2; The frilled lizard hisses angrily.
The orc priest invokes the aid of Beogh against you.
Beogh smites you!
Found a stone staircase leading up.
There are monsters nearby!
Found 7 gold pieces.
There are monsters nearby!
The orc priest mumbles some strange prayers to Beogh against you.
Beogh smites you!
* * * LOW HITPOINT WARNING * * *
The orc barely misses you.
The orc priest calls down the wrath of Beogh upon you.
Pain shoots through your body!
* * * LOW HITPOINT WARNING * * *
There is a stone staircase leading up here.
The orc hits you with a +0 falchion!
You die...

.#.# ####.#.# #
#...$..#
#.#......#
#.#......##
#..$......
#......# #...@..#
####..#o#########
.......oo........
.......lo......#
...............#
...............#
...............#
...............#
.......%.......#


You could see an orc priest, 3 orcs and a frilled lizard.

Vanquished Creatures
  3 adders (D:2)
  A worm (D:2)
  A leopard gecko (D:2)
  5 bats
  A giant cockroach (D:2)
  6 goblins
  3 hobgoblins
  3 jackals
  A ball python (D:1)
  3 kobolds (D:2)
  4 rats
31 creatures vanquished.

Notes
Turn   | Place    | Note
-------+----------+-------------------------------------------
     0 | D:1      | H0rd4k the Human Artificer began the quest for the Orb.
     0 | D:1      | Reached XP level 1. HP: 15/15 MP: 3/3
   301 | D:1      | Reached XP level 2. HP: 19/21 MP: 4/4
  1130 | D:2      | Reached XP level 3. HP: 7/26 MP: 5/5
  1156 | D:2      | Reached skill level 1 in Armour
  1441 | D:2      | Reached XP level 4. HP: 26/32 MP: 6/6
  1923 | D:3      | Slain by an orc

Levels and vault maps discovered:
D:1:      eino_arrival_water_cross, layout_basic, minmay_pentomino_u4
D:2:      layout_basic
D:3:      layout_basic, old_standard_altar, yredelemnul_forgotten_temple_becter,
          nicolae_overflow_hidden_temple, first_ration, hex_medium

Skill      XL: |  1  2  3 |
---------------+----------+-----
Armour         | 1 |  1.8
Fighting       | |  1.3
Short Blades   | |  1.6
Dodging        | |  2.5
Stealth        | |  1.1
Evocations     | |  3.5

Action                   |  1- 3 |  4- 6 || total
-------------------------+-------+-------++-------
Melee: Short sword       |    84 |    32 ||   116
Evoke: Wand              |     2 |     5 ||     7
  Use: Potion            |     2 |       ||     2
 Stab: Sleeping          |     2 |     2 ||     4
  Eat: Chunk             |     1 |     2 ||     3
Armor: Leather armour    |    30 |     7 ||    37
Dodge: Dodged            |    62 |    31 ||    93
